 Dungeon Crawl Stone Soup version 0.31-a0-841-g038b102fc3 (webtiles) character file.

Game seed: 11486605903894833386

2592 Hubris850 the Thaumaturge (level 9, -6/39 HPs)
             Began as a Spriggan Conjurer on Sept 27, 2023.
             Was a Priest of Zin.
             Mangled by a wyvern (7 damage)
             ... on level 7 of the Dungeon.
             The game lasted 00:24:06 (7984 turns).

Hubris850 the Thaumaturge (Spriggan Conjurer)       Turns: 7984, Time: 00:24:07

Health: -6/39      AC:  2    Str: 12    XL:     9   Next: 33%
Magic:  14/23      EV: 18    Int: 23    God:    Zin [***...]
Gold:   1058       SH:  0    Dex: 14    Spells: 19/26 levels left

rFire   . . .        r - +2 dagger (holy)
rCold   + . .        (no shield)
rNeg    . . .        a - +0 robe
rPois   ∞            (helmet restricted)
rElec   .            (no cloak)
rCorr   .            (gloves unavailable)
SInv    +            (boots unavailable)
Will    +....        (no amulet)
Stlth   +++          s - ring of protection from cold
HPRegen 0.26/turn    z - +6 ring of strength
MPRegen 0.18/turn

%: no passive effects
@: vitalised, very quick
A: very small, no large weapons, unfitting armour, see invisible, speed 3
a: Renounce Religion, Recite, Vitalisation, Imprison, Donate Gold


You were on level 7 of the Dungeon.
You worshipped Zin.
Zin was most pleased with you.
You visited 2 branches of the dungeon, and saw 8 of its levels.

You collected 1175 gold pieces.
You donated 117 gold pieces to Zin.

Inventory:

Hand Weapons
 h - a +0 short sword
 n - a +1 whip of venom
 q - the +4 great sword "Qiech" {venom, +Blink rC- rN++}
   (You found it on level 4 of the Dungeon)

   rC-:       It makes you vulnerable to cold.
   rN++:      It greatly protects you from negative energy.
   +Blink:    It lets you blink.
 r - a +2 dagger of holy wrath (weapon)
 v - a +2 whip of electrocution
 A - a +1 dagger of venom
 B - a +2 dagger of speed
Missiles
 t - 5 poisoned darts
Armour
 a - a +0 robe (worn)
 g - an orb of energy
Jewellery
 s - a ring of protection from cold (left hand)
 z - a +6 ring of strength (right hand)
 D - a ring of flight
Scrolls
 i - 3 scrolls of fear
 j - a scroll of immolation
 l - 2 scrolls of teleportation
 m - 2 scrolls of vulnerability
 p - 3 scrolls of blinking
 u - 2 scrolls of revelation {unknown}
 w - a scroll of enchant weapon
 x - 2 scrolls of noise {unknown}
 y - 4 scrolls of identify
Potions
 b - 2 potions of magic
 c - 2 potions of haste
 e - a potion of berserk rage {unknown}
 f - 2 potions of attraction
 o - 2 potions of curing
 C - a potion of might {unknown}


   Skills:
 - Level 5.0 Dodging
 - Level 5.9 Stealth
 + Level 9.0 Spellcasting
 + Level 6.2 Conjurations
 - Level 6.7 Hexes
 - Level 2.5 Shapeshifting


You had 19 spell levels left.
You knew the following spells:

 Your Spells              Type           Power      Damage    Failure   Level
a - Magic Dart            Conj           100%       1d8       1%          1
b - Searing Ray           Conj           76%        2d7       1%          2
c - Fulminant Prism       Conj/Hex       20%        3d12      4%          4

Your spell library contained the following spells:

 Spells                   Type           Power      Damage    Failure   Level
 Dazzling Flash           Conj/Hex       80%        N/A       1%          3
 Summon Guardian Golem    Hex/Summ       25%        N/A       4%          3
 Iskenderun's Mystic Bla  Conj/Tloc      24%        2d7       17%         4
 Orb of Destruction       Conj           19%        9d8       99%         7
 Spellforged Servitor     Conj/Summ      12%        N/A       100%        7


Dungeon Overview and Level Annotations

Branches:
Dungeon (7/15)             Temple (1/1) D:6

Altars:
Ashenzari
Cheibriados
Dithmenos
Elyvilon
Fedhas
Hepliaklqana
Kikubaaqudgha
Makhleb
Nemelex Xobeh
Okawaru
Qazlal
Ru
Sif Muna
Uskayaw
Vehumet
Wu Jian
Xom
Yredelemnul
Zin
The Shining One

Shops:
D:1 [   D:6 (

Annotations:
D:5 3 runed translucent doors, jakobj's ghost, novice DsNe


Innate Abilities, Weirdness & Mutations

You are very small and have problems with some larger weapons.
You are too small for most types of armour.
You have supernaturally acute eyesight. (SInv)
You cover ground extremely quickly. (Speed+++)


Message History

The wyvern struggles against the net.
Unknown command.
You hit the wyvern.
The wyvern is lightly wounded.
The wyvern struggles against the net. x2
You hit the wyvern but do no damage.
The wyvern is lightly wounded.
The wyvern struggles against the net.
The net rips apart, and the wyvern comes free!
You hit the wyvern but do no damage.
The wyvern is lightly wounded.
The wyvern completely misses you. x2
You barely miss the wyvern.
The wyvern is lightly wounded.
The wyvern barely misses you.
You barely miss the wyvern.
The wyvern is lightly wounded.
The wyvern bites you!
* * * LOW HITPOINT WARNING * * *
The wyvern misses you.
You hit the wyvern but do no damage.
The wyvern is lightly wounded.
The wyvern misses you.
Casting: Magic Dart (safe; 1% risk of failure)
Confirm with . or Enter, or press ? or * to list all spells.
Aiming: Searing Ray (safe; 1% risk of failure)
Press: ? - help, Shift-Dir - straight line, f/p - wyvern
Aim: a wyvern (lightly wounded, 81% to hit)
The searing ray hits the wyvern!
The wyvern is moderately wounded.
The searing ray hits the orc.
The orc is severely wounded. (Press . to maintain the ray.)
The wyvern bites you.
* * * LOW HITPOINT WARNING * * *
The wyvern barely misses you.
The searing ray misses the wyvern.
The searing ray hits the orc.
You kill the orc!
The wyvern bites you!
You die...

#.# #.###.#.### ##y## #.#.#
#.# #.......# #.# #.... #.#
#####..## #.# ###.# #.# ##.#
#'## #5# #.# #.# #...## #.#
#.# ##.## ##.....## #.5 ..#
##...## ##.......# ##O #####
###.....####......... .
................@lo.)......'
:
###########...####o........
. # #..## ##.......# . #.##
##.....## #.# #...## #.#
#'## #. .# .#


You could see a wyvern and 2 orcs.

Vanquished Creatures
  Pikel (D:6)
  A shadow (D:7)
  A vampire mosquito (D:7)
  2 sky beasts (D:7)
  3 ogres
  2 phantoms
  A lemure (D:6)
  The ghost of pigah the Changeling, an amateur OpSh (D:3)
  5 scorpions
  4 howler monkeys
  2 hounds
  A jelly (D:6)
  3 orc priests
  6 iguanas
  7 orc wizards
  4 adders
  3 gnolls (D:7)
  A shadow imp (D:6)
  2 ufetubi
  A worm (D:2)
  6 dart slugs
  22 orcs
  12 endoplasms
  6 giant cockroaches
  14 goblins
  13 hobgoblins
  3 jackals (D:1)
  7 quokkas
  11 ball pythons
  9 bats
  5 frilled lizards
  10 kobolds
  10 rats
179 creatures vanquished.

Vanquished Creatures (others)
  10 fulminant prisms
10 creatures vanquished.

Grand Total: 189 creatures vanquished

Notes
Turn   | Place    | Note
-------+----------+-------------------------------------------
     0 | D:1      | Hubris850 the Spriggan Conjurer began the quest for the
                  | Orb.
     0 | D:1      | Reached XP level 1. HP: 9/9 MP: 5/5
   227 | D:1      | Reached skill level 3 in Spellcasting
   227 | D:1      | Reached XP level 2. HP: 13/13 MP: 4/7
   685 | D:1      | Reached XP level 3. HP: 14/16 MP: 1/8
   841 | D:1      | Found Wede's Armour Boutique.
  1600 | D:1      | Learned a level 2 spell: Searing Ray
  2022 | D:2      | Reached XP level 4. HP: 21/21 MP: 8/10
  2557 | D:2      | Identified a scroll of acquirement
  2557 | D:2      | Acquired 787 gold pieces
  2644 | D:3      | Noticed a phantom
  2655 | D:3      | Killed a phantom
  2656 | D:3      | Reached skill level 5 in Stealth
  2656 | D:3      | Reached skill level 4 in Spellcasting
  2656 | D:3      | Reached XP level 5. HP: 16/24 MP: 1/12
  2776 | D:3      | Learned a level 4 spell: Fulminant Prism
  2806 | D:3      | Found a faded altar of an unknown god.
  3046 | D:3      | Found a runed translucent door.
  3056 | D:3      | Noticed pigah's ghost (amateur OpSh)
  3102 | D:3      | Killed pigah's ghost
  3103 | D:3      | Reached skill level 1 in Hexes
  3722 | D:4      | Identified the +4 great sword "Qiech" {venom, +Blink rC-
                  | rN++}
  3738 | D:4      | Reached XP level 6. HP: 23/28 MP: 9/13
  3883 | D:4      | Reached skill level 5 in Dodging
  4773 | D:5      | Entered Level 5 of the Dungeon
  4781 | D:5      | Reached skill level 5 in Spellcasting
  4781 | D:5      | Reached XP level 7. HP: 8/32 MP: 15/15
  5042 | D:5      | Noticed jakobj's ghost (novice DsNe)
  5047 | D:5      | Noticed a yak
  5049 | D:5      | Found a runed translucent gate.
  5049 | D:5      | Found a runed translucent gate.
  5049 | D:5      | Found a runed translucent gate.
  5548 | D:5      | Reached skill level 6 in Spellcasting
  5930 | D:5      | Found an ornate altar of the Wu Jian Council.
  6124 | D:6      | Reached XP level 8. HP: 33/36 MP: 10/18
  6189 | D:6      | Found a staircase to the Ecumenical Temple.
  6197 | D:6      | Reached skill level 5 in Hexes
  6203 | D:6      | Reached skill level 5 in Conjurations
  6314 | Temple   | Entered the Ecumenical Temple
  6352 | Temple   | Became a worshipper of Zin the Law-Giver
  6352 | Temple   | Reached * piety under Zin
  6352 | Temple   | Reached ** piety under Zin
  6412 | D:6      | Noticed Pikel
  6425 | D:6      | Killed Pikel
  6426 | D:6      | Reached skill level 7 in Spellcasting
  6627 | D:6      | Found Eseegad's Weapon Boutique.
  6707 | D:6      | Reached *** piety under Zin
  6945 | D:7      | Reached skill level 8 in Spellcasting
  7103 | D:7      | Reached XP level 9. HP: 32/39 MP: 14/22
  7241 | D:7      | Reached skill level 1 in Shapeshifting
  7962 | D:7      | Reached skill level 9 in Spellcasting
  7983 | D:7      | HP: 1/39 [wyvern (6)]
  7984 | D:7      | Mangled by a wyvern

Illustrated notes

Levels and vault maps discovered:
D:1:      eino_arrival_cavern_b, layout_basic, serial_shops, shop,
          minmay_box_of_dots
D:2:      layout_rooms, corexii_shack, corexii_item_surrounded_by_moat
D:3:      layout_loops_ring, ebering_ecumenical_altar_hall,
          ebering_ghost_reflecting_pool
D:4:      layout_basic
D:5:      layout_basic, pdpol_wu_jian_five_deadly_venoms, gammafunk_ghost_split,
          kennysheep_generic_room_15
D:6:      layout_basic, minmay_temple_entry_arrows, serial_shops,
          nicolae_shop_hallway_stairs, uniq_pikel
D:7:      corexii_shantytown, layout_loops_corners, minmay_manual_monolith
Temple:   hellmonk_temple_of_storms

Skill      XL: |  1  2  3  4  5  6  7  8  9 |
---------------+----------------------------+-----
Conjurations   | 3 4 5 6 |  6.2
Dodging        | 3 4 5 |  5.0
Spellcasting   | 3 4 5 6 8 9 |  9.0
Stealth        | 4 5 |  5.9
Hexes          | 1 2 4 6 |  6.7
Shapeshifting  | 2 |  2.5

Action                     |  1- 3 |  4- 6 |  7- 9 || total
---------------------------+-------+-------+-------++-------
  Melee: Unarmed           |    26 |       |       ||    26
         Short sword       |     2 |    11 |       ||    13
         Whip              |       |    12 |       ||    12
         Dagger            |       |       |    92 ||    92
  Throw: Throwing net      |       |       |     1 ||     1
   Cast: Magic Dart        |   116 |   114 |   178 ||   408
         Searing Ray       |     1 |     4 |     9 ||    14
         Fulminant Prism   |       |       |    10 ||    10
 Invoke: Vitalisation      |       |       |     1 ||     1
    Use: Scroll            |       |    10 |     2 ||    12
         Potion            |       |       |     3 ||     3
   Stab: Sleeping          |       |       |     2 ||     2
 Armour: Robe              |    10 |    17 |    61 ||    88
  Dodge: Dodged            |    42 |    28 |   116 ||   186

Table legend: (Time is in decaauts)
 A = Elapsed time spent in this place.
 B = Non-inter-level travel time spent in this place.
 C = Inter-level travel time spent in this place.
 D = Time resting spent in this place.
 E = Time spent auto-exploring this place.
 F = Levels seen in this place.
 G = Mean time per level.
                   A        B        C        D        E       F      G
               +--------+--------+--------+--------+--------+-----+--------+
         Total |   6487 |   6365 |    122 |   1435 |   3919 |   8 |  810.9 |
       Dungeon |   6456 |   6341 |    115 |   1435 |   3919 |   7 |  922.3 |
        Temple |     30 |     23 |      7 |      0 |      0 |   1 |   30.0 |
               +--------+--------+--------+--------+--------+-----+--------+

Top non-repeatable levels by time:
     D:1: 1355 daAuts
     D:5: 1033 daAuts
     D:7: 906 daAuts
     D:4: 869 daAuts
     D:3: 814 daAuts
     D:2: 773 daAuts
     D:6: 703 daAuts
  Temple: 30 daAuts
